Map: Frozen Temple

Players

blackxored - Winner!

  • Race: Zerg Zerg
  • League: Platinum

Herbalista

  • Race: Zerg Zerg
  • League: Platinum

VOD

Have the link to the VOD?

Description

Time

  • Played on: June 29, 2016, 2:42 p.m.
  • Length: 14:37
Show
View Real Time Build Order
Export as new Build Order

blackxored Zerg - Winner!

Build Orders: Hatch First 

Get SALT Encoding   

  12  0:01  Drone  
  13  0:10  Drone  
  14  0:18  Overlord  
  14  0:24  Extractor  
  14  0:25  Drone  
  15  0:40  Drone x2  
  17  0:57  Drone, Hatchery  
  16  0:59  Drone  
  18  1:12  Extractor  
  18  1:17  Spawning Pool  
  16  1:19  Drone  
  16  1:22  Drone  
  18  1:30  Drone  
  19  1:40  Overlord  
  19  1:49  Drone  
  20  2:04  Zergling x2  
  20  2:05  Queen  
  23  2:09  Queen  
  23  2:10  Spine Crawler  
  23  2:11  Zergling x4  
  23  2:15  Metabolic Boost  
  26  2:21  Drone  
  26  2:22  Drone  
  28  2:35  Drone x2  
  30  2:37  Baneling Nest  
  30  2:41  Drone  
  30  2:44  Overlord  
  31  2:53  Drone  
  31  2:54  Drone  
  33  3:06  Overlord  
  33  3:09  Hatchery  
  32  3:17  Zergling x2  
  32  3:18  Zergling x6  
  36  3:21  Baneling x2  
  36  3:28  Overlord  
  36  3:29  Drone x2  
  38  3:47  Drone  
  38  3:48  Roach Warren  
  38  3:49  Lair  
  38  3:51  Drone x2  
  38  3:54  Baneling x2  
  39  4:07  Drone x6  
  45  4:25  Drone x3  
  45  4:26  Drone x6  
  45  4:27  Drone  
  54  4:32  Drone  
  54  4:33  Extractor  
  54  4:34  Drone x2  
  54  4:36  Drone  
  57  4:40  Extractor  
  57  4:42  Extractor, Queen  
  57  4:54  Overlord x2  
  57  4:55  Overlord  
  57  5:01  Drone  
  57  5:02  Spire  
  57  5:05  Overlord  
  57  5:09  Overseer  
  57  5:18  Overlord x3  
  57  5:28  Extractor  
  55  5:29  Extractor  
  55  5:33  Drone x2  
  55  5:34  Drone x5  
  61  5:52  Drone x4  
  65  5:59  Roach x7  
  65  6:00  Roach  
  81  6:15  Mutalisk x3  
  81  6:16  Mutalisk x2  
  81  6:17  Mutalisk  
  93  6:19  Mutalisk  
  95  6:31  Roach x5  
  106  6:32  Zergling x2  
  103  6:48  Mutalisk x3  
  103  6:53  Drone  
  103  6:54  Drone x4  
  106  6:56  Overlord x3  
  99  7:02  Mutalisk x2  
  103  7:11  Zerg Flyer Weapons Level 1  
  103  7:16  Evolution Chamber  
  103  7:17  Drone x3, Evolution Chamber  
  103  7:19  Infestation Pit  
  103  7:27  Roach x5  
  108  7:52  Drone x4  
  108  7:54  Drone x6  
  108  7:55  Drone  
  117  7:59  Hatchery  
  117  8:03  Zerg Missile Weapons Level 1, Zerg Ground Armor Level 1  
  117  8:05  Hive  
  111  8:07  Drone x2  
  111  8:22  Overseer  
  111  8:24  Overlord  
  111  8:25  Overlord  
  111  8:32  Glial Reconstitution  
  111  8:46  Roach  
  111  8:47  Roach x11  
  135  8:53  Overlord x2  
  135  8:57  Drone x2  
  135  9:02  Overlord  
  133  9:12  Roach  
  133  9:13  Roach x4  
  133  9:14  Ravager  
  133  9:15  Ravager x6  
  133  9:16  Ravager x5  
  155  9:25  Drone x3  
  155  9:26  Drone x5  
  155  9:29  Extractor x2  
  161  9:45  Overlord x2  
  161  9:46  Overlord x3  
  161  9:50  Overlord x4  
  159  10:01  Zerg Ground Armor Level 2, Zerg Missile Weapons Level 2  
  159  10:04  Viper  
  159  10:05  Viper  
  165  10:13  Queen  
  167  10:20  Overlord  
  167  10:31  Roach x7  
  167  10:32  Roach x4  
  185  10:46  Hatchery  
  185  10:47  Viper x3  
  183  11:03  Greater Spire  
  183  11:10  Overlord x2  
  183  11:46  Roach  
  183  11:47  Roach x8  
  175  12:24  Roach x15  
  175  12:25  Roach x2  
  178  12:36  Roach x16  
  171  12:46  Roach x3  
  171  12:50  Ravager x6  
  171  12:51  Ravager x3  
  186  13:00  Roach x4  
  194  13:07  Ravager  
  195  13:15  Roach x2  
  195  13:18  Overseer  
  199  13:20  Overseer  
  177  13:51  Roach  
  177  13:52  Roach x18  
  189  14:11  Ravager x8  
Show
View Real Time Build Order
Export as new Build Order

Herbalista Zerg 

Build Orders: Pool First, Lurkers 

Get SALT Encoding   

  12  0:01  Drone  
  13  0:13  Overlord  
  13  0:18  Drone  
  14  0:31  Drone x2  
  16  0:42  Drone  
  17  0:46  Spawning Pool  
  16  1:10  Hatchery  
  15  1:15  Drone  
  16  1:27  Extractor  
  16  1:32  Queen  
  17  1:35  Drone x2  
  17  1:37  Zergling x2  
  20  1:47  Overlord  
  20  1:59  Zergling x2  
  21  2:08  Drone  
  22  2:09  Queen  
  24  2:23  Drone x2  
  24  2:25  Queen  
  28  2:33  Metabolic Boost  
  28  2:36  Drone x2  
  30  2:49  Roach Warren  
  29  3:03  Drone  
  29  3:04  Drone x4  
  34  3:08  Evolution Chamber  
  33  3:13  Extractor  
  33  3:14  Drone  
  33  3:28  Drone x3  
  36  3:37  Overlord  
  36  3:38  Overlord  
  36  3:46  Zerg Ground Armor Level 1  
  36  3:53  Overlord  
  36  3:56  Lair  
  36  3:58  Roach  
  36  3:59  Roach  
  40  4:15  Drone  
  40  4:16  Drone x6  
  47  4:17  Drone  
  48  4:35  Drone  
  48  4:36  Drone x3  
  52  4:52  Roach  
  58  4:53  Roach x3  
  58  5:09  Glial Reconstitution  
  58  5:11  Overlord x2  
  58  5:12  Overlord  
  58  5:32  Hatchery  
  58  5:34  Roach x8  
  73  5:51  Roach  
  73  5:52  Roach x3  
  81  5:57  Overseer  
  81  6:05  Roach  
  81  6:07  Overlord  
  81  6:08  Overlord x3  
  83  6:18  Zerg Missile Weapons Level 1  
  83  6:29  Drone  
  83  6:30  Drone x5  
  89  6:48  Spore Crawler  
  89  6:49  Spore Crawler  
  89  6:52  Spore Crawler  
  76  6:56  Zergling x2, Hydralisk Den  
  76  6:57  Zergling x16  
  74  7:03  Queen  
  74  7:04  Queen  
  74  7:05  Queen  
  72  7:18  Spore Crawler  
  71  7:24  Drone x2  
  71  7:25  Drone x3  
  71  7:26  Extractor x2, Drone  
  71  7:28  Drone x3  
  78  7:30  Drone  
  78  7:31  Drone x4  
  80  7:56  Hydralisk  
  80  7:57  Hydralisk x9  
  96  8:07  Drone x2  
  96  8:08  Extractor  
  96  8:09  Extractor  
  94  8:21  Drone x3  
  94  8:22  Drone  
  94  8:24  Overlord x2  
  94  8:25  Overlord  
  94  8:26  Muscular Augments  
  98  8:30  Zerg Missile Weapons Level 2  
  98  8:44  Overlord x2  
  98  8:45  Drone x3  
  98  8:46  Drone x7  
  108  8:54  Hydralisk  
  108  8:55  Roach x2  
  114  8:57  Overseer  
  112  9:17  Hydralisk x3  
  112  9:18  Roach x4  
  126  9:25  Hydralisk x3  
  126  9:26  Roach x3  
  126  9:30  Overlord x4  
  138  9:33  Infestation Pit  
  138  9:36  Spore Crawler  
  136  9:50  Lurker Den  
  136  9:51  Hydralisk  
  136  9:52  Hydralisk x3, Roach x3  
  150  9:53  Roach  
  150  10:16  Infestor x2  
  150  10:20  Zergling x6  
  150  10:21  Zergling x12  
  163  10:31  Hive  
  163  10:36  Spore Crawler  
  162  10:57  Hydralisk x2, Roach  
  162  10:58  Roach  
  162  11:00  Overlord x5  
  162  11:03  Zerg Ground Armor Level 2  
  170  11:15  Evolution Chamber  
  170  11:18  Lurker  
  170  11:19  Lurker x5  
  170  11:22  Hatchery  
  174  11:47  Roach  
  174  11:48  Roach x12  
  200  11:57  Extractor  
  200  11:58  Extractor  
  200  11:59  Overlord x3  
  150  12:29  Hydralisk x4, Roach  
  126  12:30  Hydralisk, Roach x4  
  126  12:33  Hydralisk x3, Roach  
  126  12:34  Roach x2  
  124  12:44  Drone x7  
  124  12:45  Drone  
  131  12:57  Hydralisk x4  
  131  12:58  Hydralisk  
  141  13:09  Lurker  
  141  13:10  Lurker x5  
  147  13:15  Zergling x8  
  147  13:16  Zergling x4  
  83  13:56  Hydralisk x4, Roach  
  83  13:57  Hydralisk x5, Roach x5  
  83  13:58  Roach x3  
  110  14:12  Hydralisk  
  110  14:13  Hydralisk x2, Roach x3  
  110  14:15  Overseer  
Tags
 
Add a new tag
Caveats
  • Supply blocks, unpowered buildings, or Contaminate may cause inaccurate times.
  • Supply counts are checked every 10 seconds.